 Dungeon Crawl Stone Soup version 0.27.0-1-g7a089689b8 (webtiles) character file.

Game seed: 5908886502158836564

2897 MisterFreud the Basher (level 9, 0/55 HPs)
             Began as a Gargoyle Fighter on July 31, 2021.
             Was a Follower of Okawaru.
             Killed by divine providence
             ... invoked by an orc priest
              (15 damage)
             ... on level 8 of the Dungeon.
             The game lasted 00:13:28 (10116 turns).

MisterFreud the Basher (Gargoyle Fighter)          Turns: 10116, Time: 00:13:29

Health: 0/55       AC: 19    Str: 22    XL:     9   Next: 77%
Magic:  9/9        EV:  6    Int: 10    God:    Okawaru [*.....]
Gold:   388        SH: 11    Dex:  9    Spells: 8/8 levels left

rFire    . . .     SeeInvis .   K - +1 flail (vorpal)
rCold    + . .     Faith    .   c - +0 kite shield
rNeg     + + .     Spirit   .   B - +0 chain mail
rPois    ∞         Reflect  .   x - +0 helmet
rElec    +         Harm     .   w - +0 cloak
rCorr    .         Rampage  .   (no gloves)
Will     .....                  (no boots)
Stlth    ..........             (no amulet)
HPRegen  0.18/turn              s - ring of protection from cold
MPRegen  0.11/turn              C - ring of positive energy

@: no status effects
A: sickness immunity, AC +6, negative energy resistance 1, electricity
resistance, torment resistance 1, petrification resistance
a: Renounce Religion, Heroism


You were on level 8 of the Dungeon.
You worshipped Okawaru.
Okawaru was aware of your devotion.
You visited 2 branches of the dungeon, and saw 9 of its levels.
You also visited: Sewer.

You collected 388 gold pieces.

Inventory:

Hand Weapons
 A - a +4 vorpal quarterstaff
 K - a +1 vorpal flail (weapon)
Missiles
 n - a throwing net (quivered)
 p - 6 atropa-tipped darts
 q - 6 javelins
 v - 8 curare-tipped darts
 G - 19 poisoned darts
Armour
 b - a +0 scale mail
 c - a +0 kite shield (worn)
 w - a +0 cloak (worn)
 x - a +0 helmet (worn)
 B - a +0 chain mail (worn)
Jewellery
 s - a ring of protection from cold (left hand)
 C - a ring of positive energy (right hand)
Wands
 y - a wand of acid (3)
 z - a wand of paralysis (8)
Scrolls
 a - a scroll of enchant armour {unknown}
 f - a scroll of brand weapon {unknown}
 j - 3 scrolls of amnesia {unknown}
 r - a scroll of enchant weapon {unknown}
 t - 3 scrolls of fear {unknown}
 D - a scroll of immolation
 H - 2 scrolls of teleportation {unknown}
 I - a scroll of silence {unknown}
 J - a scroll of holy word {unknown}
Potions
 d - 2 potions of might
 e - a potion of lignification
 g - a potion of berserk rage
 h - 2 potions of mutation {unknown}
 i - a potion of attraction
 k - a potion of cancellation {unknown}
 l - 3 potions of heal wounds
 m - 2 potions of haste
 o - 2 potions of curing
 u - a potion of ambrosia
 E - 5 potions of flight
 F - a potion of brilliance {unknown}
 L - a potion of invisibility {unknown}


   Skills:
 + Level 5.8 Fighting
 - Level 9.0 Maces & Flails
 + Level 7.7 Armour
 + Level 7.6 Shields


You had 8 spell levels left.
You didn't know any spells.
Your spell library contained the following spells:

 Spells                   Type           Power      Damage    Failure   Level
 Ozocubu's Armour         Ice            0%         N/A       100%        3
 Metabolic Englaciation   Hex/Ice        0%         N/A       100%        5
 Simulacrum               Ice/Necr       0%         N/A       100%        6


Dungeon Overview and Level Annotations

Branches:
Dungeon (8/15)             Temple (1/1) D:7           Sewer (visited)
   Lair: D:8-11

Altars:
Ashenzari
Cheibriados
Dithmenos
Elyvilon
Fedhas
Gozag
Hepliaklqana
Kikubaaqudgha
Makhleb
Nemelex Xobeh
Okawaru
Qazlal
Ru
Sif Muna
Trog
Uskayaw
Vehumet
Wu Jian
Xom
Yredelemnul
Zin
The Shining One

Shops:
D:1 !   D:4 (


Innate Abilities, Weirdness & Mutations

You are immune to sickness and miasma.
Your stone body is resilient. (AC +6)
You are immune to poison.
You resist negative energy. (rN+)
You are resistant to electric shocks. (rElec)
You are resistant to unholy torment.
You are immune to petrification.


Message History

The orc priest looks satisfied for a moment.
You miss something.
You hear some strange, mumbled words.
Something tries to affect you, but you resist.
You miss something.
You hear some strange, mumbled words.
You are confused.
The orc priest casts a cantrip, but nothing happens.
You thump something! Okawaru accepts your kill.
Reactivating autopickup.
You feel a bit more experienced. The orc hits you but does no damage.
You're too confused to move!
The orc hits you but does no damage.
You hit the orc.
The orc is heavily wounded.
The orc priest calls upon Beogh to heal the orc.
The orc's wounds heal themselves!
The orc hits you but does no damage.
You bump into the rock wall.
The orc priest looks encouraged for a moment.
The orc hits you but does no damage.
You bump into the rock wall.
The orc hits you but does no damage.
You bump into the rock wall.
You feel less confused. The orc hits you but does no damage.
You sock the orc!
You kill the orc!
Okawaru accepts your kill.
The orc priest looks encouraged for a moment.
You hit the orc priest.
The orc priest is lightly wounded.
The orc priest barely misses you.
The orc priest calls down the wrath of Beogh upon you.
Beogh smites you!
* * * LOW HITPOINT WARNING * * *
You hit the orc priest.
The orc priest is heavily wounded.
The orc priest closely misses you.
The orc priest invokes the aid of Beogh against you.
Beogh smites you!
You die...

#.# #.# #.#
#.# #.# #.#
#.# #.# #..
#.#### #.# ###
#....#
#.############
####$#
#.........>..#
#.#
############.#
#.# #.# #@#
#.# #o# #.#
#o. #.# #.#.
#.. #.### #..
#.# #.. #.#
###.. #.#
#.... #.##.


You could see 2 orc priests.

Vanquished Creatures
  Pikel (D:8)
  2 steam dragons
  2 water moccasins
  A black bear (D:6)
  An orc warrior (D:6)
  2 sky beasts (D:5)
  An ice beast (D:6)
  2 centaurs (D:6)
  A kobold brigand (Sewer)
  A phantom (D:5)
  A bullfrog (D:8)
  2 scorpions
  2 howler monkeys (D:6)
  A centaur zombie (D:7)
  2 orc priests
  A jelly (D:4)
  2 gnoll shamans
  3 centaur skeletons
  4 bullfrog skeletons
  2 iguanas
  4 orc wizards
  A hound zombie (D:5)
  A hound skeleton (D:4)
  A howler monkey zombie (D:5)
  8 adders
  18 gnolls
  A howler monkey skeleton (D:7)
  A shadow imp (D:6)
  A white imp (D:7)
  An ufetubus (D:6)
  2 worms
  3 dart slugs
  22 orcs
  9 ball pythons
  7 bats
  7 endoplasms
  4 giant cockroaches
  6 goblins
  5 hobgoblins
  6 jackals
  6 quokkas
  3 frilled lizards
  7 kobolds
  12 rats
170 creatures vanquished.

Vanquished Creatures (others)
  2 orc wizards
  3 orcs
  5 fungi (D:3)
  5 toadstools (D:3)
15 creatures vanquished.

Grand Total: 185 creatures vanquished

Notes
Turn   | Place    | Note
-------+----------+-------------------------------------------
     0 | D:1      | MisterFreud the Gargoyle Fighter began the quest for the
                  | Orb.
     0 | D:1      | Reached XP level 1. HP: 14/14 MP: 1/1
    84 | D:1      | Found Dorphasa's Distillery.
   279 | D:1      | Reached XP level 2. HP: 18/19 MP: 2/2
   633 | D:1      | Reached skill level 3 in Maces & Flails
   953 | D:1      | Reached XP level 3. HP: 23/23 MP: 3/3
  1006 | D:1      | Found a faded altar of an unknown god.
  1768 | D:1      | Reached skill level 4 in Maces & Flails
  1855 | D:2      | Reached XP level 4. HP: 11/28 MP: 4/4
  2565 | D:3      | Noticed a scorpion
  2579 | D:3      | Killed a scorpion
  2580 | D:3      | Reached skill level 5 in Maces & Flails
  2580 | D:3      | Reached XP level 5. HP: 10/32 MP: 5/5
  3614 | D:3      | Reached XP level 6. HP: 31/37 MP: 6/6
  3641 | D:3      | Reached skill level 6 in Maces & Flails
  4028 | D:4      | Found Migia's Weapon Shop.
  4419 | D:4      | Found a shimmering blue altar of Sif Muna.
  5247 | D:4      | Reached XP level 7. HP: 31/41 MP: 7/7
  5784 | D:5      | Entered Level 5 of the Dungeon
  6004 | D:5      | Reached skill level 5 in Armour
  6266 | D:5      | Reached skill level 7 in Maces & Flails
  6561 | D:5      | Reached XP level 8. HP: 46/46 MP: 8/8
  7122 | D:6      | Reached skill level 5 in Shields
  7325 | D:5      | Reached skill level 8 in Maces & Flails
  7529 | D:6      | Found a glowing drain.
  7545 | Sewer    | Entered a sewer
  7706 | Sewer    | Found a white marble altar of Elyvilon.
  8093 | D:7      | Reached XP level 9. HP: 52/52 MP: 9/9
  8385 | D:7      | Found a staircase to the Ecumenical Temple.
  8402 | Temple   | Entered the Ecumenical Temple
  8627 | Temple   | Became a worshipper of Warmaster Okawaru
  9512 | D:8      | Noticed Pikel
  9523 | D:8      | Killed Pikel
  9524 | D:8      | Reached skill level 5 in Fighting
  9795 | D:8      | Reached skill level 9 in Maces & Flails
  9804 | D:8      | Reached * piety under Okawaru
 10116 | D:8      | Killed from afar by an orc priest

Illustrated notes

Levels and vault maps discovered:
D:1:      psy_arrival_heroes, layout_basic, serial_shops, nicolae_diamond_shop,
          shapermc_ecumenical_altar_mp_highgroup, nrook_mini_backslash,
          minmay_misc_feat_encased
D:2:      layout_basic, fountainhead, kennysheep_doodads
D:3:      kb_forest_paths, layout_loops_ring, minmay_gold_behind_fungi
D:4:      layout_loops_ring, mainiacjoe_overflow_alcove_1, serial_shops, shop,
          minmay_misc_feat_iff
D:5:      layout_cave_pods
D:6:      layout_basic, portal_sewer_entry_f
D:7:      layout_basic, minmay_temple_entry_sparse_star
D:8:      layout_loops_ring, lair_entry_dummy, uniq_pikel
Temple:   roderic_octagonal_lattice_temple

Skill      XL: |  1  2  3  4  5  6  7  8  9 |
---------------+----------------------------+-----
Maces & Flails | 3 4 5 6 7 8 9 |  9.0
Armour         | 4 5 6 7 |  7.7
Shields        | 4 6 7 |  7.6
Fighting       | 4 5 |  5.8

Action                   |  1- 3 |  4- 6 |  7- 9 || total
-------------------------+-------+-------+-------++-------
Melee: Flail             |   113 |   271 |   409 ||   793
  Use: Scroll            |       |       |     8 ||     8
       Potion            |       |       |     3 ||     3
Armor: Scale mail        |    66 |   137 |   114 ||   317
       Chain mail        |       |       |   151 ||   151
       Skin              |       |       |     1 ||     1
Dodge: Dodged            |    39 |    64 |    80 ||   183
Block: Kite shield       |    60 |   145 |   237 ||   442
